Map: Frost LE

Players

SwitchBack

  • Race: Terran Terran

Miszu - Winner!

  • Race: Terran Terran
  • League: Master

VOD

Have the link to the VOD?

Description

Time

  • Played on: July 2, 2016, 5:39 p.m.
  • Length: 3:36
Show
View Real Time Build Order
Export as new Build Order

SwitchBack Terran 

Build Orders:  

Get SALT Encoding   

  12  0:01  SCV  
  13  0:13  SCV  
  14  0:18  Supply Depot  
  14  0:25  SCV  
  15  0:30  Refinery  
  15  0:41  Barracks  
  15  0:45  SCV  
  16  0:57  SCV  
  17  1:09  SCV  
  18  1:21  SCV  
  19  1:28  Reaper  
  20  1:33  Orbital Command  
  20  1:50  Factory  
  20  1:54  Refinery  
  20  2:00  Supply Depot, Marine  
  20  2:01  SCV  
  22  2:13  SCV  
  23  2:21  Marine  
  24  2:25  SCV  
  25  2:38  Widow Mine  
  25  2:40  Starport  
  25  2:44  Marine, SCV  
  28  2:47  Supply Depot  
  29  2:56  SCV  
  30  3:02  Marine  
  31  3:15  Command Center  
Show
View Real Time Build Order
Export as new Build Order

Miszu Terran - Winner!

Build Orders: 1/1/1 

Get SALT Encoding   

  12  0:05  SCV  
  13  0:17  SCV  
  14  0:22  Supply Depot  
  14  0:29  SCV  
  15  0:36  Refinery  
  15  0:43  SCV  
  15  0:48  Barracks  
  16  0:55  SCV  
  17  0:59  Refinery  
  17  1:08  SCV  
  18  1:20  SCV  
  19  1:32  SCV  
  20  1:37  Factory  
  20  1:39  Reaper  
  21  1:45  Orbital Command  
  21  1:54  Supply Depot  
  21  2:11  Reaper, SCV  
  23  2:21  Starport  
  23  2:25  Hellion  
  23  2:29  SCV  
  26  2:40  Supply Depot  
  26  2:43  Reaper, SCV  
  28  2:47  Hellion  
  30  3:01  Medivac  
  32  3:08  Hellion  
  32  3:31  Barracks Tech Lab  
  32  3:32  Starport Tech Lab  
Tags
 
League
Master
Matchup
TvT
Opening
1/1/1
Player
Miszu
Race
Terran
Add a new tag
Caveats
  • Supply blocks, unpowered buildings, or Contaminate may cause inaccurate times.
  • Supply counts are checked every 10 seconds.